3AAA
PURE MICHIGAN GREAT LAKERS @ HAMILTON COYOTES
08/07/2032
 
TOP OF THE 1ST
Pure Michigan Great Lakers batting - Pitching for Hamilton Coyotes : RHP Héctor Aguilar
Pitching: RHP Héctor Aguilar
Batting: SHB Cyrille Baffi 0-0: Foul Ball, location: 2F
0-1: Foul Ball, location: 2F
0-2: Ball
1-2: Foul Ball, location: 2F
1-2: Ball
2-2: SOLO HOME RUN (Line Drive, 8RXD), Distance : 434 ft
Batting: LHB Yin-reng Hsueh 0-0: Ball
1-0: Ball
2-0: Ball
3-0: Base on Balls
Batting: RHB Alco Compagne 0-0: Ball
1-0: Foul Ball, location: 2F
1-1: Ball
2-1: Called Strike
2-2: Strikes out looking
Batting: LHB Dudley Gardner 0-0: Ball
1-0: Swinging Strike
1-1: SINGLE (Groundball, 34D)
Yin-reng Hsueh to second
Runner from 2nd tries for 3rd, SAFE, no throw
Batting: RHB Dan Hendricks 0-0: Ball
1-0: Ball
2-0: Fly out, F3 (Popup, 3SF)
Batting: SHB Tony Gutiérrez 0-0: Swinging Strike
0-1: Ball
1-1: Foul Ball, location: 2F
1-2: Ball
2-2: Strikes out swinging
Top of the 1st over - 1 run, 2 hits, 0 errors, 2 left on base; Pure Michigan 1 - Hamilton 0
BOTTOM OF THE 1ST
Hamilton Coyotes batting - Pitching for Pure Michigan Great Lakers : RHP Edmund Blackadder
Pitching: RHP Edmund Blackadder
Batting: LHB Ken Stroud 0-0: Ball
1-0: Foul Ball, location: 2F
1-1: Swinging Strike
1-2: Fly out, F9 (Flyball, 9S)
Batting: RHB Warren Martin 0-0: Ball
1-0: SINGLE (Groundball, 6MD)
Batting: RHB Dani Trejo 0-0: Called Strike
0-1: Ball
1-1: Foul Ball, location: 2F
1-2: Foul Ball, location: 2F
1-2: SINGLE (Line Drive, 7S)
Warren Martin to second
Warren Martin to third
Batting: RHB Alejandro Serrato 0-0: Called Strike
0-1: Ball
1-1: Called Strike
1-2: Ball
2-2: Foul Ball, location: 2F
2-2: Ball
3-2: Strikes out swinging
Dani Trejo steals 2nd base
Batter strikes out.
Batting: LHB José Gómez 0-0: Ball
1-0: Called Strike
1-1: Fly out, F6 (Line Drive, 6M)
Bottom of the 1st over - 0 runs, 2 hits, 0 errors, 2 left on base; Pure Michigan 1 - Hamilton 0
TOP OF THE 2ND
Pure Michigan Great Lakers batting - Pitching for Hamilton Coyotes : RHP Héctor Aguilar
Batting: RHB Hamilton Swan 0-0: Ball
1-0: Ball
2-0: Ball
3-0: Base on Balls
Batting: LHB Ángel Pineda 0-0: SINGLE (Line Drive, 4D)
Hamilton Swan to second
Hamilton Swan to third
Batting: LHB Victor Schuur 0-0: Swinging Strike
0-1: Ball
1-1: Fly out, F7 (Line Drive, 78M)
Runner from 3rd tags up, SCORES, no throw
Batting: SHB Cyrille Baffi 0-0: Foul Ball, location: 2F
0-1: Foul Ball, location: 2F
0-2: Foul Ball, location: 2F
0-2: Strikes out swinging
Batting: LHB Yin-reng Hsueh 0-0: Ball
1-0: Called Strike
1-1: Foul Ball, location: 2F
1-2: Ball
2-2: Ball
3-2: Base on Balls
Ángel Pineda to second
Batting: RHB Alco Compagne 0-0: Ball
1-0: Fly out, F8 (Flyball, 8LXD)
Top of the 2nd over - 1 run, 1 hit, 0 errors, 2 left on base; Pure Michigan 2 - Hamilton 0
BOTTOM OF THE 2ND
Hamilton Coyotes batting - Pitching for Pure Michigan Great Lakers : RHP Edmund Blackadder
Batting: RHB Markus Thompson 0-0: Swinging Strike
0-1: Called Strike
0-2: Foul Ball, location: 2F
0-2: Ball
1-2: SOLO HOME RUN (Flyball, 7LD), Distance : 363 ft
Batting: LHB Scot Willis 0-0: Fly out, F7 (Flyball, 7LS)
Batting: SHB Martín Marrero 0-0: Ball
1-0: Ball
2-0: Called Strike
2-1: Ball
3-1: Fly out, F8 (Flyball, 8RD)
Batting: LHB Tony Rodríguez 0-0: Foul Ball, location: 2F
0-1: Swinging Strike
0-2: SINGLE (Groundball, 56D)
Batting: LHB Ken Stroud 0-0: Called Strike
0-1: Ground out U3 (Groundball, 3)
Bottom of the 2nd over - 1 run, 2 hits, 0 errors, 1 left on base; Pure Michigan 2 - Hamilton 1
TOP OF THE 3RD
Pure Michigan Great Lakers batting - Pitching for Hamilton Coyotes : RHP Héctor Aguilar
Batting: LHB Dudley Gardner 0-0: Called Strike
0-1: Ball
1-1: Foul Ball, location: 2F
1-2: Fly out, F7 (Flyball, 78S)
Batting: RHB Dan Hendricks 0-0: Fly out, F7 (Flyball, 7LMF)
Batting: SHB Tony Gutiérrez 0-0: Ball
1-0: Ball
2-0: Swinging Strike
2-1: SINGLE (Line Drive, 34)
Batting: RHB Hamilton Swan 0-0: Ball
1-0: Called Strike
Tony Gutiérrez is caught stealing 2nd base
Top of the 3rd over - 0 runs, 1 hit, 0 errors, 0 left on base; Pure Michigan 2 - Hamilton 1
BOTTOM OF THE 3RD
Hamilton Coyotes batting - Pitching for Pure Michigan Great Lakers : RHP Edmund Blackadder
Batting: RHB Warren Martin 0-0: Swinging Strike
0-1: SINGLE (Groundball, 56D)
Batting: RHB Dani Trejo 0-0: Called Strike
0-1: Ball
1-1: Ball
2-1: Ball
3-1: Fly out, F8 (Flyball, 8LD)
Batting: RHB Alejandro Serrato 0-0: Ball
1-0: Called Strike
1-1: Called Strike
1-2: Ball
2-2: Ball
3-2: Base on Balls
Warren Martin to second
Batting: LHB José Gómez 0-0: Foul Ball, location: 2F
0-1: Ball
1-1: Ball
2-1: SINGLE (Line Drive, 6M)
Warren Martin to third
Alejandro Serrato to second
Batting: RHB Markus Thompson 0-0: Called Strike
0-1: Foul Ball, location: 2F
0-2: Ball
1-2: Foul Ball, location: 2F
1-2: Strikes out swinging
Batting: LHB Scot Willis 0-0: Ball
1-0: GRAND SLAM HOME RUN (Flyball, 7D), Distance : 385 ft
Batting: SHB Martín Marrero 0-0: Foul Ball, location: 2F
0-1: Fly out, F7 (Line Drive, 78M)
Bottom of the 3rd over - 4 runs, 3 hits, 0 errors, 0 left on base; Pure Michigan 2 - Hamilton 5
TOP OF THE 4TH
Pure Michigan Great Lakers batting - Pitching for Hamilton Coyotes : RHP Héctor Aguilar
Batting: RHB Hamilton Swan 0-0: DOUBLE (Line Drive, 89M)
Batting: LHB Ángel Pineda 0-0: Foul Ball, location: 2F
0-1: Ball
1-1: Foul Ball, location: 2F
1-2: Ball
2-2: Ball
3-2: Fly out, F7 (Line Drive, 7)
Batting: LHB Victor Schuur 0-0: Ball
1-0: Fly out, F9 (Flyball, 9S)
Batting: SHB Cyrille Baffi 0-0: SINGLE (Groundball, 6S) (infield hit)
Hamilton Swan to third
Batting: LHB Yin-reng Hsueh 0-0: Ball
1-0: Ball
2-0: Swinging Strike
2-1: Ball
3-1: Foul Ball, location: 2F
3-2: Foul Ball, location: 2F
3-2: SINGLE (Popup, 6MD)
Hamilton Swan scores
Cyrille Baffi to second
Cyrille Baffi to third
Batting: RHB Alco Compagne 0-0: Ball
1-0: Foul Ball, location: 2F
1-1: Ball
2-1: Foul Ball, location: 2F
2-2: Ball
3-2: Base on Balls
Yin-reng Hsueh to second
Batting: LHB Dudley Gardner 0-0: Called Strike
0-1: SINGLE (Flyball, 8RS)
Cyrille Baffi scores
Yin-reng Hsueh to third
Alco Compagne to second
Throwing error, E8
Yin-reng Hsueh scores
Alco Compagne to third
Dudley Gardner to second
Batting: RHB Dan Hendricks 0-0: Called Strike
0-1: Ball
1-1: Fly out, F4 (Line Drive, 4M)
Top of the 4th over - 3 runs, 4 hits, 1 error, 2 left on base; Pure Michigan 5 - Hamilton 5
BOTTOM OF THE 4TH
Hamilton Coyotes batting - Pitching for Pure Michigan Great Lakers : RHP Edmund Blackadder
Batting: LHB Tony Rodríguez 0-0: Called Strike
0-1: Fly out, F6 (Popup, 6D)
Batting: LHB Ken Stroud 0-0: Swinging Strike
0-1: Ball
1-1: Ball
2-1: Foul Ball, location: 2F
2-2: Foul Ball, location: 2F
2-2: SINGLE (Groundball, 6MD)
Batting: RHB Warren Martin 0-0: Ball
Ken Stroud steals 2nd base
1-0: Called Strike
1-1: Called Strike
1-2: 2-RUN HOME RUN (Flyball, 78XD), Distance : 403 ft
Batting: RHB Dani Trejo 0-0: Reached via error on a dropped throw, E1
Batting: RHB Alejandro Serrato 0-0: Ball
1-0: Called Strike
Throwing error on steal attempt, E2
Dani Trejo to third
1-1: Swinging Strike
1-2: Ball
2-2: Foul Ball, location: 2F
2-2: Ball
3-2: SINGLE (Line Drive, 8RS)
Dani Trejo scores
Batting: LHB José Gómez 0-0: Ball
1-0: Grounds into double play, 6-4-3 (Groundball, 6)
Bottom of the 4th over - 3 runs, 3 hits, 2 errors, 0 left on base; Pure Michigan 5 - Hamilton 8
TOP OF THE 5TH
Pure Michigan Great Lakers batting - Pitching for Hamilton Coyotes : RHP Héctor Aguilar
Batting: SHB Tony Gutiérrez 0-0: Fly out, F7 (Flyball, 7D)
Batting: RHB Hamilton Swan 0-0: SINGLE (Groundball, 4MD)
Batting: LHB Ángel Pineda 0-0: Called Strike
0-1: Foul Ball, location: 2F
0-2: Hit by Pitch
Hamilton Swan to second
Batting: LHB Victor Schuur 0-0: Called Strike
0-1: Ball
1-1: SINGLE (Groundball, 4MD)
Hamilton Swan to third
Ángel Pineda to second
Batting: SHB Cyrille Baffi 0-0: Called Strike
0-1: Called Strike
0-2: Fly out, F9 (Flyball, 9LM)
Runner from 3rd tags up, SCORES, throw made
Batting: LHB Yin-reng Hsueh 0-0: Ball
1-0: Foul Ball, location: 2F
1-1: Ball
2-1: SINGLE (Line Drive, 8LS)
Ángel Pineda to third
Victor Schuur to second
Runner from 3rd tries for Home, throw and OUT!
Top of the 5th over - 1 run, 3 hits, 0 errors, 2 left on base; Pure Michigan 6 - Hamilton 8
BOTTOM OF THE 5TH
Hamilton Coyotes batting - Pitching for Pure Michigan Great Lakers : RHP Edmund Blackadder
Batting: RHB Markus Thompson 0-0: Ball
1-0: Called Strike
1-1: Foul Ball, location: 2F
1-2: Foul Ball, location: 2F
1-2: SINGLE (Groundball, 34D)
Pitching: LHP Filip Radyuhin
Batting: LHB Scot Willis 0-0: Swinging Strike
0-1: Ball
1-1: Ball
2-1: Swinging Strike
2-2: Ball
3-2: Base on Balls
Markus Thompson to second
Batting: SHB Martín Marrero 0-0: Swinging Strike
0-1: Ball
1-1: Reached on error, E1 (Groundball, 13S)
Markus Thompson to third
Scot Willis to second
Batting: LHB Tony Rodríguez 0-0: Swinging Strike
0-1: Called Strike
0-2: Ball
1-2: Strikes out swinging
Batting: LHB Ken Stroud 0-0: Ball
1-0: Called Strike
1-1: Called Strike
1-2: Foul Ball, location: 2F
1-2: Ball
2-2: Ball
3-2: SINGLE (Line Drive, 78S)
Markus Thompson scores
Scot Willis to third
Martín Marrero to second
Batting: RHB Warren Martin 0-0: Swinging Strike
0-1: Called Strike
0-2: Ball
1-2: Strikes out swinging
Batting: RHB Dani Trejo 0-0: Ball
1-0: Ball
2-0: Fly out, F1 (Line Drive, 15)
Bottom of the 5th over - 1 run, 2 hits, 1 error, 3 left on base; Pure Michigan 6 - Hamilton 9
TOP OF THE 6TH
Pure Michigan Great Lakers batting - Pitching for Hamilton Coyotes : RHP Héctor Aguilar
Batting: RHB Alco Compagne 0-0: Fly out, F4 (Popup, 23)
Batting: LHB Dudley Gardner 0-0: Ground out 6-3 (Groundball, 6S)
Batting: RHB Dan Hendricks 0-0: Ball
1-0: Ball
2-0: Ball
3-0: Swinging Strike
3-1: Base on Balls
Pitching: RHP Errol Lange
Batting: SHB Tony Gutiérrez 0-0: Ball
1-0: Ball
2-0: Ball
3-0: Called Strike
3-1: Base on Balls
Dan Hendricks to second
Batting: RHB Hamilton Swan 0-0: SINGLE (Groundball, 4MD)
Dan Hendricks to third
Tony Gutiérrez to second
Runner from 3rd tries for Home, SAFE, no throw
Batting: LHB Ángel Pineda 0-0: Ball
1-0: Ball
2-0: Called Strike
2-1: Ball
3-1: Called Strike
3-2: Ground out 5-3 (Groundball, 5)
Top of the 6th over - 1 run, 1 hit, 0 errors, 2 left on base; Pure Michigan 7 - Hamilton 9
BOTTOM OF THE 6TH
Hamilton Coyotes batting - Pitching for Pure Michigan Great Lakers : LHP Filip Radyuhin
Batting: RHB Alejandro Serrato 0-0: Swinging Strike
0-1: Foul Ball, location: 2F
0-2: Fly out, F7 (Flyball, 7LD)
Batting: LHB José Gómez 0-0: SINGLE (Line Drive, 56D)
Batting: RHB Markus Thompson 0-0: Ball
1-0: Ground out 5-3 (Groundball, 2L)
José Gómez to second
Batting: LHB Scot Willis 0-0: Foul Ball, location: 2F
0-1: Foul Ball, location: 2F
0-2: Ball
1-2: Foul Ball, location: 2F
1-2: Foul Ball, location: 2F
1-2: Ball
2-2: Strikes out swinging
Bottom of the 6th over - 0 runs, 1 hit, 0 errors, 1 left on base; Pure Michigan 7 - Hamilton 9
TOP OF THE 7TH
Pure Michigan Great Lakers batting - Pitching for Hamilton Coyotes : RHP Errol Lange
Batting: LHB Victor Schuur 0-0: Called Strike
0-1: Ball
1-1: Foul Ball, location: 2F
1-2: Ball
2-2: Strikes out swinging
Batting: SHB Cyrille Baffi 0-0: Called Strike
0-1: Ball
1-1: Fly out, F9 (Flyball, 89D)
Batting: LHB Yin-reng Hsueh 0-0: Ball
1-0: Foul Ball, location: 2F
1-1: Foul Ball, location: 2F
1-2: Ball
2-2: Hit by Pitch
Batting: RHB Alco Compagne 0-0: Ball
Yin-reng Hsueh is caught stealing 2nd base
Top of the 7th over - 0 runs, 0 hits, 0 errors, 0 left on base; Pure Michigan 7 - Hamilton 9
BOTTOM OF THE 7TH
Hamilton Coyotes batting - Pitching for Pure Michigan Great Lakers : LHP Filip Radyuhin
Batting: SHB Martín Marrero 0-0: Called Strike
0-1: Swinging Strike
0-2: Ball
1-2: Strikes out looking
Batting: LHB Tony Rodríguez 0-0: Swinging Strike
0-1: Foul Ball, location: 2F
0-2: Strikes out looking
Batting: LHB Ken Stroud 0-0: SINGLE (Line Drive, 4D)
Batting: RHB Warren Martin 0-0: Ball
1-0: Ball
2-0: Foul Ball, location: 2F
2-1: Ball
3-1: Foul Ball, location: 2F
3-2: SINGLE (Line Drive, 34D)
Ken Stroud to second
Ken Stroud to third
Batting: RHB Dani Trejo 0-0: Called Strike
0-1: Swinging Strike
0-2: Ball
1-2: Fly out, F7 (Flyball, 78D)
Bottom of the 7th over - 0 runs, 2 hits, 0 errors, 2 left on base; Pure Michigan 7 - Hamilton 9
TOP OF THE 8TH
Pure Michigan Great Lakers batting - Pitching for Hamilton Coyotes : RHP Errol Lange
Batting: RHB Alco Compagne 0-0: Fly out, F8 (Flyball, 8LD)
Batting: LHB Dudley Gardner 0-0: SINGLE (Line Drive, 34D)
Batting: RHB Dan Hendricks 0-0: Ball
1-0: Ball
2-0: Swinging Strike
2-1: Foul Ball, location: 2F
2-2: Strikes out swinging
Batting: SHB Tony Gutiérrez 0-0: Called Strike
0-1: Ground out 4-3 (Groundball, 4)
Top of the 8th over - 0 runs, 1 hit, 0 errors, 1 left on base; Pure Michigan 7 - Hamilton 9
BOTTOM OF THE 8TH
Hamilton Coyotes batting - Pitching for Pure Michigan Great Lakers : LHP Filip Radyuhin
Batting: RHB Alejandro Serrato 0-0: Ball
1-0: Fly out, F8 (Flyball, 8RS)
Batting: LHB José Gómez 0-0: Called Strike
0-1: Foul Ball, location: 2F
0-2: Ball
1-2: Hit by Pitch
Pitching: LHP Corbin Jameson
Batting: RHB Markus Thompson 0-0: Ball
1-0: Called Strike
1-1: Foul Ball, location: 2F
1-2: Strikes out looking
Batting: LHB Scot Willis 0-0: Called Strike
0-1: Ball
1-1: Fielders Choice at 2nd, 5-4 (Groundball, 56)
Bottom of the 8th over - 0 runs, 0 hits, 0 errors, 1 left on base; Pure Michigan 7 - Hamilton 9
TOP OF THE 9TH
Pure Michigan Great Lakers batting - Pitching for Hamilton Coyotes : RHP Errol Lange
Pitching: RHP Francisco García
Batting: RHB Hamilton Swan 0-0: SINGLE (Line Drive, 9LS)
Batting: LHB Ángel Pineda 0-0: Ball
1-0: Foul Ball, location: 2F
1-1: SINGLE (Groundball, 34D)
Hamilton Swan to second
Pinch Hitting: LHB Gilberto Moreno 0-0: Ball
1-0: Called Strike
1-1: Foul Ball, location: 2F
1-2: Ball
2-2: Ball
3-2: SINGLE (Line Drive, 8RS)
Hamilton Swan to third
Ángel Pineda to second
Batting: SHB Cyrille Baffi 0-0: Ball
1-0: Ball
2-0: Ball
3-0: Base on Balls
Hamilton Swan scores
Ángel Pineda to third
Gilberto Moreno to second
Batting: LHB Yin-reng Hsueh 0-0: Foul Ball, location: 2F
0-1: Swinging Strike
0-2: Strikes out swinging
Batting: RHB Alco Compagne 0-0: Ball
1-0: Ball
2-0: Foul Ball, location: 2F
2-1: Swinging Strike
2-2: Foul Ball, location: 2F
2-2: Strikes out swinging
Batting: LHB Dudley Gardner 0-0: Ball
1-0: Ball
2-0: SINGLE (Groundball, 4MD)
Ángel Pineda scores
Gilberto Moreno to third
Cyrille Baffi to second
Runner from 3rd tries for Home, SAFE, throw made home
Batting: RHB Dan Hendricks 0-0: Ball
1-0: Swinging Strike
1-1: Foul Ball, location: 2F
1-2: DOUBLE (Line Drive, 78D)
Cyrille Baffi scores
Dudley Gardner to third
Pitching: RHP Ed Maresh
Batting: SHB Tony Gutiérrez 0-0: Ball
1-0: Ball
2-0: Ball
3-0: Base on Balls
Pinch Hitting: LHB Gerardo Ponce de Leon 0-0: Ball
1-0: Called Strike
1-1: Ball
2-1: SINGLE (Groundball, 4) (infield hit)
Dudley Gardner scores
Dan Hendricks to third
Tony Gutiérrez to second
Batting: LHB Ángel Pineda 0-0: Foul Ball, location: 2F
0-1: Ball
1-1: SINGLE (Groundball, 3D)
Dan Hendricks scores
Tony Gutiérrez to third
Gerardo Ponce de Leon to second
Runner from 3rd tries for Home, throw and OUT!
Top of the 9th over - 6 runs, 7 hits, 0 errors, 2 left on base; Pure Michigan 13 - Hamilton 9
BOTTOM OF THE 9TH
Hamilton Coyotes batting - Pitching for Pure Michigan Great Lakers : LHP Corbin Jameson
Pitching: LHP Jaime Carrión
Now at C: Harith Karim
Now at 1B: Gilberto Moreno
Batting: SHB Martín Marrero 0-0: Called Strike
0-1: Ball
1-1: Ball
2-1: Ground out 1-3 (Groundball, 15)
Batting: LHB Tony Rodríguez 0-0: Ball
1-0: Ball
2-0: Swinging Strike
2-1: Fly out, F7 (Flyball, 7D)
Batting: LHB Ken Stroud 0-0: Ball
1-0: Called Strike
1-1: Foul Ball, location: 2F
1-2: Foul Ball, location: 2F
1-2: SINGLE (Groundball, 6MD)
Batting: RHB Warren Martin 0-0: Called Strike
0-1: Called Strike
0-2: Ball
1-2: Foul Ball, location: 2F
1-2: 2-RUN HOME RUN (Flyball, 7LD), Distance : 340 ft
Batting: RHB Dani Trejo 0-0: Ball
1-0: Fly out, F6 (Line Drive, 6M)
Bottom of the 9th over - 2 runs, 2 hits, 0 errors, 0 left on base; Pure Michigan 13 - Hamilton 11
Wednesday, September 19th, 2018 - OOTP Baseball 18.8 Build 76